[Event "IND-ch Women 2019"]
[Site "Karaikkudi"]
[Date "2019.07.21"]
[Round "4.4"]
[White "Divya Deshmukh"]
[Black "Meenakshi Subbaraman"]
[Result "1/2-1/2"]
[ECO "B01"]
[WhiteElo "2373"]
[BlackElo "2163"]
[Annotator "NA"]
[PlyCount "145"]
[EventDate "2019.07.19"]
[EventType "swiss"]
[EventCountry "IND"]
[SourceTitle "playchess.com"]
[Source "ChessBase"]
[SourceQuality "1"]
[TimeControl "40/5400+30:1800+30"]

1. e4 d5 2. exd5 Qxd5 3. Nc3 Qd8 4. Bc4 Nf6 5. Nf3 g6 (5... a6 6. a4 Nc6 7. h3 Bf5 8. d3 h6 9. g4 Bg6 10. Bf4 e6 11. Ne5 Nxe5 12. Bxe5 Bd6 13. Qe2 Bxe5 14. Qxe5 {1-0 (44) Kamsky,G (2677)-Bartholomew,J (2477) Reykjavik 2018}) 6. Ne5 {[%emt 0:00:51] B01: Scandinavian Defence} e6 7. d4 Bg7 8. Bg5 h6 9. Be3 $146 ({Predecessor:} 9. Bh4 Nbd7 10. Qf3 Nb6 11. Bb5+ c6 12. Nxc6 bxc6 13. Bxc6+ {0-1 (54) Golubka,P (2509)-Drazic,S (2394) Budapest 2018}) 9... Nbd7 10. Qe2 c6 11. Bxh6 (11. Bd3 $14) 11... Rxh6 {[%emt 0:21:55] [#]} (11... Bxh6 $15 12. Nxf7 {[%mdl 64] Double Attack} Bd2+ 13. Kxd2 Kxf7 14. Qxe6+ Kg7 15. Qf7+ Kh6) 12. Nxf7 $1 {[%emt 0:00:11] Double Attack} Qe7 13. Nxh6 Bxh6 14. Bxe6 Nb6 15. Bb3 Nbd5 16. Qxe7+ Kxe7 17. Ne2 a5 18. a4 Kd6 (18... Nb4 $11) 19. Ng3 Bd7 20. O-O Rf8 ({Black should play} 20... Kc7 $14) 21. Rae1 Rh8 22. h3 Bf4 $16 23. c4 Nb4 24. Ne4+ Nxe4 25. Rxe4 Bg5 26. c5+ Kc7 27. Be6 Bf6 28. Bxd7 Kxd7 29. Rfe1 Nd5 30. Kh2 Rb8 31. Rc1 Be7 32. g3 g5 33. Kg2 Nf6 34. Re5 Nd5 35. Re4 Nf6 36. Re3 Nd5 37. Rf3 Bf6 38. Rd3 Re8 39. Kf3 Rf8 40. Kg2 Re8 41. Rd2 Re4 42. Rcd1 Re8 43. Rc1 Re4 44. Kf3 Re8 45. Rh1 Rf8 46. Kg2 Re8 47. h4 gxh4 48. gxh4 Rg8+ 49. Kf1 Ke6 50. Rd3 Nf4 51. Rg3 Rh8 52. Rf3 Kf5 53. h5 Bxd4 54. h6 Rh7 55. Rg3 Bxb2 56. Ke1 Bf6 57. Rg8 Bg5 58. Rg7 Rxh6 59. Rxh6 Bxh6 60. Rxb7 Nd3+ 61. Ke2 Nxc5 62. Ra7 Nb3 63. Kd3 Ke6 64. Kc4 Nd2+ 65. Kc5 Ne4+ 66. Kxc6 Bd2 67. Ra8 Bb4 68. f3 Nc3 69. Ra6 Kf5 70. Ra7 Ke5 71. Rh7 Nxa4 72. Rh5+ Kf4 73. Rxa5 {[%emt 0:01:12] Ke5} 1/2-1/2

[Event "IND-ch Women 2019"]
[Site "Karaikkudi"]
[Date "2019.07.21"]
[Round "4.5"]
[White "Vijayalakshmi, Subbaraman"]
[Black "Harshita Guddanti"]
[Result "1-0"]
[ECO "A07"]
[WhiteElo "2357"]
[BlackElo "2078"]
[Annotator "NA"]
[PlyCount "107"]
[EventDate "2019.07.19"]
[EventType "swiss"]
[EventCountry "IND"]
[SourceTitle "playchess.com"]
[Source "ChessBase"]
[SourceQuality "1"]
[TimeControl "40/5400+30:1800+30"]

1. Nf3 Nf6 2. g3 d5 3. Bg2 c6 4. b3 Bg4 5. Bb2 Nbd7 6. O-O Qc7 7. d4 g6 $146 {[%emt 0:12:18] A07: Réti Opening: New York and Capablanca Systems} ({Predecessor:} 7... e6 8. c4 Be7 9. Nbd2 O-O 10. a3 a5 11. Rc1 h6 12. Ne5 Bf5 13. Re1 Rfd8 14. Nd3 Qb6 15. e4 {0-1 (57) Gorovenko,D (2134)-Kanevskaya,A (2136) Moscow 2019}) 8. c4 Bg7 9. Nc3 Rd8 10. cxd5 Nxd5 11. Nxd5 cxd5 12. Rc1 Qb6 13. Qd2 Nf6 14. Ne5 Bf5 15. Ba3 Ne4 16. Qb4 Qxb4 17. Bxb4 f6 {[%emt 0:04:42] [#]} 18. Nd3 ({White should try} 18. Rc7 $1 $16 Nd6 19. Nf3) 18... b6 19. Rc7 Rd7 20. Rfc1 g5 21. g4 Be6 22. R1c6 $16 Bf8 23. Ba3 h5 24. gxh5 Bf5 25. f3 Nd6 26. Bxd6 Bxd3 27. exd3 exd6 28. Bh3 Rxc7 29. Rxc7 Rxh5 30. Bg4 Rh6 31. Rxa7 Be7 32. h3 f5 33. Bxf5 Rf6 34. Bd7+ Kd8 35. Kg2 Rf4 36. Bb5 Rxd4 37. Rd7+ Ke8 38. Rxd6+ Kf7 39. Rxb6 Rf4 40. a4 Rf6 41. Bc6 Ke6 42. Rb5 Rf5 43. a5 Kd6 44. Bb7 Re5 45. Kf1 d4 46. Rb6+ Kc7 47. b4 Bd6 48. Be4 Re7 49. Rc6+ Kd7 50. b5 Re5 51. a6 Bb8 52. Rb6 Kc8 53. Rxb8+ Kxb8 54. b6 1-0

[Event "IND-ch Women 2019"]
[Site "Karaikkudi"]
[Date "2019.07.21"]
[Round "4.6"]
[White "Mahalakshmi D M"]
[Black "Mrudul Dehankar"]
[Result "0-1"]
[ECO "E43"]
[WhiteElo "2227"]
[BlackElo "2074"]
[Annotator "NA"]
[PlyCount "116"]
[EventDate "2019.07.19"]
[EventType "swiss"]
[EventCountry "IND"]
[SourceTitle "playchess.com"]
[Source "ChessBase"]
[SourceQuality "1"]
[TimeControl "40/5400+30:1800+30"]

1. d4 Nf6 2. c4 e6 3. Nc3 Bb4 4. e3 b6 5. Bd3 Bb7 6. Nf3 Ne4 7. Bxe4 Bxe4 8. Bd2 Bb7 9. d5 O-O 10. O-O f5 11. a3 Be7 12. Qc2 Bf6 (12... c6 $11) 13. Rad1 Qe8 14. e4 Qg6 (14... fxe4 $14 15. Nxe4 Qg6) 15. e5 Bd8 16. Rfe1 c6 17. Qd3 cxd5 18. cxd5 Na6 $11 19. Bf4 Nc7 20. d6 Nd5 21. Nxd5 Bxd5 22. Qe3 Bb7 23. Rc1 b5 24. Rc3 Bb6 25. Qe2 Rac8 26. Rec1 Rc4 27. Rxc4 bxc4 28. Nh4 Qg4 29. Qxg4 fxg4 30. Rxc4 Bd5 31. Ra4 Bc6 32. Rc4 g5 33. Bg3 gxh4 34. Rxg4+ Kh8 35. Bxh4 Bd8 36. Bg3 h5 37. Rb4 Kg7 38. Kf1 Ba5 39. Rd4 Bb5+ 40. Kg1 Kg6 41. Bh4 Bb6 42. Rb4 a6 43. a4 Bc5 44. Rb3 Bxa4 45. Rg3+ Kh7 46. Bf6 Rg8 47. Rh3 Kh6 48. Rc3 Bb6 49. g3 Bc6 50. Rb3 Rb8 51. Rc3 Kg6 52. b4 a5 53. bxa5 Bxa5 54. Rc1 Rb2 55. g4 hxg4 56. Bh4 Kf5 57. Bg3 Bd2 58. h4 Bxc1 0-1

[Event "IND-ch Women 2019"]
[Site "Karaikkudi"]
[Date "2019.07.21"]
[Round "4.7"]
[White "Nandhini, Saripalli"]
[Black "Michelle Catherina, P."]
[Result "1/2-1/2"]
[ECO "C58"]
[WhiteElo "1933"]
[BlackElo "2226"]
[Annotator "NA"]
[PlyCount "63"]
[EventDate "2019.07.19"]
[EventType "swiss"]
[EventCountry "IND"]
[SourceTitle "playchess.com"]
[Source "ChessBase"]
[SourceQuality "1"]
[TimeControl "40/5400+30:1800+30"]

1. e4 e5 2. Nf3 Nc6 3. Bc4 Nf6 4. Ng5 d5 5. exd5 Na5 6. Bb5+ c6 7. dxc6 bxc6 8. Bd3 Nd5 {[%emt 0:03:37] C58: Two Knights: 4 Ng5 d5 5 exd5 Na5 sidelines} 9. Nf3 Bd6 10. O-O Nf4 (10... O-O 11. Re1 f5 12. b4 Nxb4 13. Nxe5 Bxe5 14. Rxe5 Nxd3 15. cxd3 Qd4 16. Rxa5 Qxa1 {½-½ (31) Vovk,A (2616)-Demchenko,A (2661) Fagernes 2019}) 11. Re1 Nxd3 12. cxd3 O-O 13. Nc3 Re8 14. Ne4 Bg4 15. h3 Bh5 16. Ng3 $146 ({Predecessor:} 16. b3) 16... Bg6 17. b4 Bxb4 18. Qa4 Bd6 19. Ba3 Nb7 20. Rab1 Nc5 21. Qxc6 Bf8 22. Bxc5 (22. Rxe5 $14 Nxd3 23. Rxe8 Qxe8 24. Qxe8 Rxe8 25. Bxf8 Kxf8 26. Nh4) 22... Rc8 $11 23. Qa4 Bxc5 24. Nxe5 Bxf2+ 25. Kxf2 Rxe5 26. Rxe5 Qf6+ 27. Rf5 Bxf5 28. Nxf5 Qxf5+ 29. Kg1 Qxd3 30. Re1 g6 31. Re8+ Rxe8 32. Qd1 1/2-1/2

[Event "IND-ch Women 2019"]
[Site "Karaikkudi"]
[Date "2019.07.21"]
[Round "4.8"]
[White "Mohota, Nisha"]
[Black "Kiran, Manisha Mohanty"]
[Result "1/2-1/2"]
[ECO "D93"]
[WhiteElo "2221"]
[BlackElo "2054"]
[Annotator "RC"]
[PlyCount "56"]
[EventDate "2019.07.19"]
[EventType "swiss"]
[EventCountry "IND"]
[SourceTitle "playchess.com"]
[Source "ChessBase"]
[SourceQuality "1"]
[TimeControl "40/5400+30:1800+30"]

1. d4 Nf6 2. c4 g6 3. Nc3 d5 4. Nf3 Bg7 5. Bf4 O-O 6. Rc1 c6 7. e3 Qb6 8. Qb3 Be6 9. Ng5 Bf5 10. h3 h6 11. Nf3 Be6 12. c5 Qxb3 13. axb3 Ne4 14. Bd3 Nd7 15. b4 Nxc3 16. Rxc3 a6 17. Ke2 g5 18. Bh2 f5 19. h4 g4 20. Nd2 f4 21. Bxf4 Bxd4 22. Rc2 Bg7 23. Nb3 Kh8 24. Nd2 Kg8 25. Nb3 Kh8 26. Nd2 Kg8 27. Nb3 Kh8 28. Nd2 Kg8 1/2-1/2

[Event "IND-ch Women 2019"]
[Site "Karaikkudi"]
[Date "2019.07.21"]
[Round "4.9"]
[White "Ramaswamy, Aarthie"]
[Black "Priyanka, Kumari"]
[Result "1-0"]
[ECO "B90"]
[WhiteElo "2020"]
[BlackElo "1991"]
[Annotator "NA"]
[PlyCount "117"]
[EventDate "2019.07.19"]
[EventType "swiss"]
[EventCountry "IND"]
[SourceTitle "playchess.com"]
[Source "ChessBase"]
[SourceQuality "1"]
[TimeControl "40/5400+30:1800+30"]

1. e4 c5 2. Nf3 d6 3. d4 cxd4 4. Nxd4 Nf6 5. Nc3 a6 6. a3 e5 7. Nf5 d5 8. Bg5 d4 $1 9. Bxf6 gxf6 10. Na2 Nc6 11. Bd3 Be6 12. O-O Ne7 13. Qf3 Rg8 14. c3 Ng6 15. g3 Bc5 $16 16. Kh1 Ne7 17. cxd4 Bxf5 18. dxc5 Bg4 19. Qe3 Nc6 20. f3 Be6 21. Nc3 Qd4 22. Qxd4 Nxd4 23. Nd5 Bxd5 24. exd5 Rd8 25. c6 bxc6 26. dxc6 Nxc6 27. Bxa6 Ke7 28. b4 f5 29. Rfe1 Kd6 30. Rad1+ Nd4 31. Bd3 Nxf3 32. Be4+ Nd4 33. Bxf5 h5 34. Kg2 Rg5 35. Be4 f5 36. h4 Rg7 37. Bxf5 Rdg8 38. Re3 Kc7 39. Bh3 Kb6 40. Kh2 Rc7 41. Rd2 Rf8 42. Bg2 Rf5 43. Be4 Rf1 44. Bg2 Rf5 45. a4 Rc4 46. Rb2 Nc2 47. a5+ Kb5 48. Rf3 Rxf3 49. Bxf3 Nd4 50. Bxh5 e4 51. Be2 Nxe2 52. Rxe2 Rxb4 53. Ra2 Kc4 54. a6 Rb8 55. a7 Ra8 56. Kg2 Kd3 57. Kf2 e3+ 58. Ke1 e2 59. Ra3+ 1-0

[Event "IND-ch Women 2019"]
[Site "Karaikkudi"]
[Date "2019.07.21"]
[Round "4.10"]
[White "Swati Ghate"]
[Black "Jyothsna L"]
[Result "1-0"]
[ECO "A08"]
[WhiteElo "2192"]
[BlackElo "1939"]
[Annotator "NA"]
[PlyCount "86"]
[EventDate "2019.07.19"]
[EventType "swiss"]
[EventCountry "IND"]
[SourceTitle "playchess.com"]
[Source "ChessBase"]
[SourceQuality "1"]
[TimeControl "40/5400+30:1800+30"]

1. e4 e6 2. d3 d5 3. Nd2 c5 4. Ngf3 Nc6 5. g3 Nf6 6. Bg2 g6 7. O-O Bg7 8. exd5 Nxd5 9. Nb3 b6 10. c4 {[%emt 0:05:13] [#]} (10. d4 $11) 10... Nde7 $1 11. d4 cxd4 12. Nfxd4 Bb7 13. Bg5 Nxd4 14. Bxb7 Rb8 15. Be4 h6 {[%emt 0:44:59] [#]} 16. Bf4 $1 e5 17. Nxd4 O-O $16 18. Ne6 fxe6 19. Bd2 Nf5 20. Bc3 Qc7 21. Qg4 Qf7 22. Rae1 h5 23. Qe2 Rbd8 24. Kg2 g5 25. Bb1 Nd4 26. Qe4 Qf3+ 27. Qxf3 Nxf3 28. Re2 Nd4 29. Re3 h4 30. Rfe1 h3+ 31. Kxh3 Rxf2 32. g4 Rd7 33. Kg3 Rf4 34. Rxe5 Bxe5 35. Rxe5 Rg7 36. Bd2 Nf3 37. Rxg5 Rxg4+ 38. Rxg4 Nxd2 39. Bd3 Rxg4+ 40. Kxg4 e5 41. Kg3 e4 42. Be2 a5 43. Kf4 a4 {[%emt 0:23:13] Kxe4} 1-0

[Event "IND-ch Women 2019"]
[Site "Karaikkudi"]
[Date "2019.07.21"]
[Round "4.12"]
[White "Pandey Srishti"]
[Black "Gomes, Mary Ann"]
[Result "1-0"]
[ECO "E11"]
[WhiteElo "1882"]
[BlackElo "2303"]
[Annotator "NA"]
[PlyCount "116"]
[EventDate "2019.07.19"]
[EventType "swiss"]
[EventCountry "IND"]
[SourceTitle "playchess.com"]
[Source "ChessBase"]
[SourceQuality "1"]
[TimeControl "40/5400+30:1800+30"]

1. d4 Nf6 2. Nf3 e6 3. c4 Bb4+ 4. Bd2 Qe7 5. g3 Bxd2+ 6. Nbxd2 d6 7. Bg2 O-O 8. O-O e5 9. e4 Bg4 10. d5 a5 11. Qc2 Na6 {[%emt 0:00:09] E11: Bogo-Indian} (11... Bxf3 12. Bxf3 Na6 13. a3 c6 14. Rab1 Rfc8 15. dxc6 bxc6 16. b4 axb4 17. axb4 Nc7 18. Ra1 Rab8 19. Ra4 {0-1 (67) Sieciechowicz,M (2462)-Moranda,W (2570) Karpacz 2013}) 12. a3 Qd7 13. b3 Bh3 $146 ({Predecessor:} 13... c6 14. Rfc1 Rfc8 15. Qb2 Nc5 16. Ne1 cxd5 17. f3 Bh3 {½-½ (17) Tchetchelnitski,M (2134)-Liebig,S (2153) Germany 2016}) 14. Rfd1 Nh5 15. Ne1 Bxg2 16. Nxg2 Qh3 17. Rab1 f5 18. exf5 $1 Rxf5 19. Ne4 Nf6 20. Ne3 Rh5 21. Nxf6+ gxf6 22. f3 Kf7 {[%emt 0:08:49] [#]} (22... f5 $14) 23. Qg2 ({Better is} 23. Rd2 $1 $16) 23... Qd7 24. g4 Rg5 25. Qc2 Rh8 {[%emt 0:03:30] [#]} 26. h4 $1 Rg6 27. h5 Rg5 28. Kf2 Ke8 29. b4 axb4 30. axb4 Kd8 31. Ra1 $18 Qc8 32. Ra4 Ke7 33. c5 Kf7 34. Qc4 f5 35. Nxf5 Rxf5 36. gxf5 Qxf5 37. Rg1 Qxh5 38. cxd6 b5 39. Qxb5 Qh4+ 40. Rg3 Qd4+ 41. Ke1 Qc3+ 42. Kf1 Qc1+ 43. Kf2 Qc2+ 44. Kg1 Qd1+ 45. Kh2 Qd2+ 46. Rg2 Qf4+ 47. Kg1 Qd4+ 48. Kf1 Qd1+ 49. Kf2 Qc2+ 50. Kg1 Qc1+ 51. Qf1 Qe3+ 52. Kh1 Nb8 53. dxc7 Nd7 54. b5 Nf6 55. d6 Nd5 56. Rh4 Ke6 57. Rg6+ Nf6 58. Rhh6 Kd5 1-0

[Event "IND-ch Women 2019"]
[Site "Karaikkudi"]
[Date "2019.07.21"]
[Round "4.13"]
[White "Priyanka Nutakki"]
[Black "Potluri Supreetha"]
[Result "1-0"]
[ECO "A36"]
[WhiteElo "2293"]
[BlackElo "1873"]
[Annotator "NA"]
[PlyCount "83"]
[EventDate "2019.07.19"]
[EventType "swiss"]
[EventCountry "IND"]
[SourceTitle "playchess.com"]
[Source "ChessBase"]
[SourceQuality "1"]
[TimeControl "40/5400+30:1800+30"]

1. c4 Nf6 2. Nc3 g6 3. e4 d6 4. g3 Bg7 5. Bg2 O-O 6. Nge2 c5 7. O-O Nc6 8. d3 Ne8 9. Be3 Nd4 10. Rb1 Nc7 11. b4 e5 12. f4 f6 13. h3 a6 (13... b6 $14) 14. g4 b5 15. cxb5 ({Better is} 15. f5 $14) 15... axb5 16. f5 Bd7 17. h4 Kh8 18. Ng3 $11 Ra3 19. Qd2 cxb4 20. Rxb4 Na6 21. Rxd4 exd4 22. Bxd4 Qa5 23. g5 fxg5 24. f6 Rxf6 25. Rxf6 Bxf6 26. Bxf6+ Kg8 27. Qxg5 Be6 28. Qh6 Qc7 29. Nxb5 Qf7 30. Nxa3 Qxf6 31. Nc2 Bxa2 32. h5 Bf7 33. hxg6 hxg6 34. d4 Bb3 35. Ne3 Qxd4 36. Qxg6+ Qg7 37. Qxd6 Nc7 38. Nef5 Qa1+ 39. Kh2 Ne6 40. Qb8+ Kf7 41. Qxb3 Qh8+ 42. Bh3 1-0

[Event "IND-ch Women 2019"]
[Site "Karaikkudi"]
[Date "2019.07.21"]
[Round "4.14"]
[White "Singh, Neha"]
[Black "Pratyusha, Bodda"]
[Result "0-1"]
[ECO "B90"]
[WhiteElo "1809"]
[BlackElo "2265"]
[Annotator "NA"]
[PlyCount "132"]
[EventDate "2019.07.19"]
[EventType "swiss"]
[EventCountry "IND"]
[SourceTitle "playchess.com"]
[Source "ChessBase"]
[SourceQuality "1"]
[TimeControl "40/5400+30:1800+30"]

1. e4 c5 2. Nf3 d6 3. d4 cxd4 4. Nxd4 Nf6 5. Nc3 a6 6. h3 e5 7. Nf3 {[%emt 0:01:59] B90: Sicilian Najdorf: Unusual White 6th moves, 6 Be3 Ng4 and 6 Be3 e5} (7. Nde2 h5 8. Nd5 Nxd5 9. Qxd5 Nc6 10. Qd1 Be6 11. Nc3 Rc8 12. Be3 Ne7 13. Be2 d5 14. exd5 Nxd5 15. Nxd5 Qxd5 {½-½ (26) Wang,H (2730)-Giri,A (2783) St Petersburg 2018}) 7... Be7 8. Be3 h6 9. g4 Nc6 10. Bg2 $146 ({Predecessor:} 10. Nd5 Nxd5 11. exd5 Qa5+ 12. c3 Nb8 13. Bg2 Qc7 14. Qe2 f5 15. gxf5 Bxf5 {½-½ (48) Poli,G (2465)-Fajs,B (2449) ICCF email 2010}) 10... Be6 11. g5 hxg5 12. Nxg5 Na5 13. Nxe6 fxe6 14. Qd3 Qc7 15. O-O-O Nc4 16. Bg5 (16. h4 $11 {keeps the balance.}) 16... Rc8 $1 17. f4 $2 (17. b3 $17 Na3 18. Kb2) 17... exf4 18. Bxf4 Nh5 19. Bh2 Qb6 20. Na4 Qe3+ $2 (20... Qb5 $19 {and Black stays clearly on top.} 21. e5 Qxa4 22. exd6 O-O 23. dxe7 Qxa2 24. exf8=Q+ Rxf8 25. Qxc4 Qxc4) 21. Kb1 O-O 22. Qxe3 (22. h4 $15) 22... Nxe3 23. Rd2 Nf4 $17 24. Bf3 Nxh3 25. Bxd6 Rxf3 26. Bxe7 Nf2 27. Re1 Nc4 28. Rde2 b5 29. Nc3 Kf7 30. Bh4 Nh3 31. Nd1 g5 32. Bf2 g4 33. b3 Na3+ 34. Kb2 Nxc2 35. Rh1 Nb4 36. Be3 Nd3+ 37. Ka3 Ndf4 38. Rd2 e5 39. Rd7+ Kg8 40. Re1 g3 41. Bg1 Nxg1 42. Rxg1 g2 43. Rd2 Kf7 44. Rdxg2 Nxg2 45. Rxg2 Rd8 46. Nf2 Rg8 47. Rh2 a5 48. Kb2 Rg1 49. Nh3 Rgg3 50. Nf2 b4 51. Kc2 Rg1 52. Nd3 Kf6 53. Rh6+ Kg7 54. Rh2 Rg5 55. Kd2 Rfg3 56. Ne1 R5g4 57. Re2 Rg6 58. Rf2 Rd6+ 59. Ke2 Rd4 60. Rf5 Rxe4+ 61. Kf2 Rc3 62. Rg5+ Kf6 63. Rh5 Kg6 64. Rh8 a4 65. bxa4 Ra3 66. Rb8 Rxa2+ 0-1

[Event "IND-ch Women 2019"]
[Site "Karaikkudi"]
[Date "2019.07.21"]
[Round "4.16"]
[White "Parnali, S Dharia"]
[Black "Sunyuktha C M N"]
[Result "0-1"]
[ECO "A13"]
[WhiteElo "2145"]
[BlackElo "1815"]
[Annotator "NA"]
[PlyCount "94"]
[EventDate "2019.07.19"]
[EventType "swiss"]
[EventCountry "IND"]
[SourceTitle "playchess.com"]
[Source "ChessBase"]
[SourceQuality "1"]
[TimeControl "40/5400+30:1800+30"]

1. Nf3 d5 2. c4 e6 3. g3 Nf6 4. Bg2 c6 5. b3 Nbd7 6. Bb2 Bd6 7. Nc3 O-O 8. O-O e5 9. cxd5 cxd5 10. d4 e4 11. Nh4 Nb6 12. Qd2 Re8 13. a4 Bd7 14. f3 e3 ({Better is} 14... Bb4 $15) 15. Qd3 $11 Nh5 16. Nd1 Bxg3 17. hxg3 Nxg3 18. Nxe3 Nxf1 19. Nef5 Ng3 20. Nxg3 Qxh4 21. Kf2 f5 22. Rh1 Qe7 23. a5 Nc8 24. Nxf5 Bxf5 25. Qxf5 Qxe2+ 26. Kg3 g6 27. Qxd5+ Qe6 28. Qxb7 Ne7 29. Bh3 Qd6+ 30. Kf2 Rf8 31. d5 Qc5+ 32. Kg3 Rxf3+ 33. Kxf3 Rf8+ 34. Ke4 Qc2+ 35. Ke3 Qf2+ 36. Kd3 Rf3+ 37. Kc4 Qc2+ 38. Kd4 Qxb2+ 39. Kc5 Qa3+ 40. b4 Qe3+ 41. Kd6 Rf7 42. Qa8+ Kg7 43. Be6 Qf4+ 44. Kc5 Qc7+ 45. Kb5 Rf4 46. Ka6 Rxb4 47. Qe8 Qb7# 0-1

[Event "IND-ch Women 2019"]
[Site "Karaikkudi"]
[Date "2019.07.21"]
[Round "4.17"]
[White "Divyabharathi Masanam"]
[Black "Varshini, V."]
[Result "0-1"]
[ECO "B42"]
[WhiteElo "1730"]
[BlackElo "2087"]
[Annotator "NA"]
[PlyCount "174"]
[EventDate "2019.07.19"]
[EventType "swiss"]
[EventCountry "IND"]
[SourceTitle "playchess.com"]
[Source "ChessBase"]
[SourceQuality "1"]
[TimeControl "40/5400+30:1800+30"]

1. e4 c5 2. Nf3 d6 3. d4 cxd4 4. Nxd4 Nf6 5. Nc3 a6 6. Be3 e6 7. Bd3 Be7 8. O-O Qc7 9. f3 {[%emt 0:04:10] B42: Sicilian: Kan Variation: 5 Bd3} (9. a4 b6 10. f4 Bb7 11. Qf3 Nbd7 12. Qg3 g6 13. Rad1 Rc8 14. h3 Qb8 15. Nde2 h5 16. Bd4 h4 {0-1 (50) Salemgareev,T (2360)-Kozionov,K (2437) Voronezh 2017}) 9... Nbd7 10. Re1 O-O 11. Bf2 $146 ({Predecessor:} 11. Qd2 b5 12. Rad1 Bb7 13. Bxb5 axb5 14. Ndxb5 Qb8 15. Nxd6 {1-0 (63) Kaphle,S (1787)-Endress,A (1690) Bad Sulza 2004}) 11... b5 12. a4 b4 13. Na2 d5 14. c3 dxe4 15. fxe4 Bd6 16. h3 bxc3 17. Nxc3 Ne5 18. Bf1 Qe7 19. Nf3 Nfd7 20. Kh1 Bb7 21. Be2 Rfd8 22. Qc2 Rac8 23. Rad1 $17 Bb8 24. Qb3 Nxf3 25. Bxf3 Ne5 26. Be2 Ng6 27. Bb6 Rd6 28. Bg1 Nf4 29. Bf1 Nh5 30. Bh2 Rxd1 31. Rxd1 Ng3+ 32. Bxg3 Bxg3 33. Qb6 Ra8 34. a5 Be5 35. Bd3 g6 36. Bc2 Rb8 37. Qe3 Qb4 38. Na4 Qxa5 39. Nc5 Bc6 40. b3 Qb6 41. Qf2 Bb5 42. Nd3 Qxf2 43. Nxf2 Rc8 44. Bd3 Rc3 45. Bxb5 axb5 46. Rd3 b4 47. Kg1 Bg3 48. Rd8+ Kg7 49. Kf1 Rxb3 50. Nd3 Rb1+ 51. Ke2 b3 52. Rd7 Kf6 53. Rb7 Be5 54. Nc5 b2 55. Nd7+ Kg7 56. Nxe5 Rg1 57. Rxf7+ Kg8 58. Rb7 b1=Q 59. Rxb1 Rxb1 60. Kf3 Kg7 61. Kf4 Rb2 62. g3 Rf2+ 63. Ke3 Rf8 64. Nd7 Rd8 65. Ne5 h5 66. h4 Kf6 67. Kf4 Rd1 68. Nf3 Rf1 69. e5+ Ke7 70. Ke4 Ra1 71. Ng5 Ra4+ 72. Kf3 Kd7 73. Nh7 Kc6 74. Nf8 Rg4 75. Nxe6 Kd5 76. Nf4+ Kxe5 77. Nd3+ Kf6 78. Nf4 Kf5 79. Nd5 Ra4 80. Ne7+ Kf6 81. Nd5+ Ke5 82. Nf4 Rxf4+ 83. gxf4+ Kf5 84. Ke3 Kg4 85. Ke4 Kxh4 86. f5 gxf5+ 87. Kf4 Kh3 0-1

[Event "IND-ch Women 2019"]
[Site "Karaikkudi"]
[Date "2019.07.21"]
[Round "4.18"]
[White "Saranya, J."]
[Black "Sunyasakta, Satpathy"]
[Result "0-1"]
[ECO "C24"]
[WhiteElo "2067"]
[BlackElo "1801"]
[Annotator "NA"]
[PlyCount "60"]
[EventDate "2019.07.19"]
[EventType "swiss"]
[EventCountry "IND"]
[SourceTitle "playchess.com"]
[Source "ChessBase"]
[SourceQuality "1"]
[TimeControl "40/5400+30:1800+30"]

1. e4 e5 2. Nf3 Nc6 3. Bc4 Nf6 4. d3 d5 5. exd5 Nxd5 6. O-O Bc5 7. Re1 O-O 8. Bb5 Nd4 9. Rxe5 Qd6 10. Rg5 (10. Nbd2 $1 $15) 10... h6 11. Nxd4 hxg5 12. Nb3 Nf4 13. d4 Rd8 14. c3 Bb6 15. Bxf4 gxf4 16. N1d2 Bf5 17. Qf3 c6 $17 18. Bc4 g6 19. Bf1 Bc7 20. Nc5 Rab8 21. Bc4 Kg7 22. Bb3 Rh8 23. Nc4 Qe7 24. Nd3 Be4 25. Re1 Rbe8 26. Qd1 Qh4 27. h3 Bxd3 28. Rxe8 Rxe8 29. Qxd3 Re1+ 30. Kh2 Qxf2 0-1

[Event "IND-ch Women 2019"]
[Site "Karaikkudi"]
[Date "2019.07.21"]
[Round "4.19"]
[White "Bala Kannamma P"]
[Black "Sheena, E.."]
[Result "1-0"]
[ECO "A42"]
[WhiteElo "2051"]
[BlackElo "1763"]
[Annotator "NA"]
[PlyCount "113"]
[EventDate "2019.07.19"]
[EventType "swiss"]
[EventCountry "IND"]
[SourceTitle "playchess.com"]
[Source "ChessBase"]
[SourceQuality "1"]
[TimeControl "40/5400+30:1800+30"]

1. e4 e6 2. d4 d6 3. c4 g6 4. Nc3 Bg7 5. Be3 Ne7 6. g3 Nd7 7. Bg2 O-O 8. h4 f5 9. h5 c5 10. hxg6 hxg6 11. Nge2 cxd4 12. Nxd4 Ne5 13. exf5 Nxf5 14. Nxf5 Rxf5 15. Be4 Rf8 16. Qe2 Qc7 17. c5 d5 {[%emt 0:03:33] [#]} 18. Bg2 $16 ({White should play} 18. f4 $1 $18 dxe4 19. fxe5) 18... Qf7 19. O-O-O Nc4 20. f4 Nxe3 21. Qxe3 d4 22. Rxd4 Bxd4 23. Qxd4 Qg7 24. Qd3 Rb8 25. Be4 Bd7 26. Bxg6 Bc6 27. Bh7+ Kf7 28. Be4 Rbd8 29. Qf3 Rh8 30. Rxh8 Rxh8 31. Bxc6 bxc6 32. Qxc6 Qxg3 33. Qd7+ Kf8 34. Qd8+ Kg7 35. Qe7+ Kg8 36. Qxe6+ Kg7 37. Qe5+ Kg8 38. Qb8+ Kh7 39. Qxa7+ Kg6 40. Qa6+ Kh5 41. Qe2+ Kh4 42. Qe7+ Kh3 43. Qe6+ Kh2 44. Qe2+ Kh3 45. Qf1+ Kg4 46. Qd1+ Kf5 47. Qd7+ Kg6 48. f5+ Kh6 49. Qe6+ Kh7 50. Qd7+ Kh6 51. Qd2+ Kh7 52. Ne4 Qg1+ 53. Kc2 Rf8 54. Ng5+ Kh8 55. Qc3+ Kg8 56. Qc4+ Kh8 57. Qh4+ 1-0

[Event "IND-ch Women 2019"]
[Site "Karaikkudi"]
[Date "2019.07.21"]
[Round "4.20"]
[White "Chinnam Vyshnavi"]
[Black "Meenal Gupta"]
[Result "0-1"]
[ECO "E61"]
[WhiteElo "1664"]
[BlackElo "2004"]
[Annotator "NA"]
[PlyCount "74"]
[EventDate "2019.07.19"]
[EventType "swiss"]
[EventCountry "IND"]
[SourceTitle "playchess.com"]
[Source "ChessBase"]
[SourceQuality "1"]
[TimeControl "40/5400+30:1800+30"]

1. d4 Nf6 2. Bf4 g6 3. e3 Bg7 4. Nf3 O-O 5. h3 b6 6. Be2 Bb7 7. O-O d6 8. c4 Nbd7 9. Nc3 Ne4 10. Qc2 Nxc3 11. bxc3 e5 {[%emt 0:00:56] E61: King's Indian: Early deviations for White, including Smyslov System} 12. Bh2 f5 $146 ({Predecessor:} 12... Qe7 13. Rfe1 Kh8 14. Nd2 f5 15. f4 c5 16. Bf3 Bxf3 17. Nxf3 e4 18. Nd2 Rac8 19. Qb3 {½-½ (76) Ribli,Z (2605)-Timman,J (2640) Montpellier 1985}) 13. Qb3 Kh8 14. Rfd1 Qe7 15. c5 (15. Re1 $15) 15... dxc5 16. d5 Rad8 17. Rac1 Nf6 18. c4 Ne4 19. Ne1 Nd6 20. Nd3 f4 21. exf4 {[%emt 0:04:34] [#]} exf4 (21... e4 $1 $17 22. Ne5 g5) 22. Bg4 (22. Nxf4 $15 Rxf4 {[%mdl 64] Remove Defender} 23. Bxf4 Qxe2 24. Re1) 22... Qg5 23. Re1 (23. Ne1 $17 {was necessary.}) 23... h5 $17 (23... c6 $19 {and Black stays clearly on top.} 24. Nxf4 Rxf4 25. Bxf4 Qxf4) 24. Bf3 Bc8 25. Kh1 Bd4 26. Qc2 Rf7 27. Re2 Rdf8 28. Rce1 Bf5 29. Rd1 Bg4 30. hxg4 hxg4 31. Nxf4 Rxf4 32. Bxf4 Rxf4 33. Be4 g3 34. Kg1 Qh4 35. Red2 Nxe4 36. Rxd4 gxf2+ 37. Kf1 Ng3# 0-1